 Dungeon Crawl Stone Soup version 0.31-a0-4-gefa6de2278 (webtiles) character file.

Game seed: 16978025392297511118

16366 Bnni the Covert (level 12, -13/57 (66) HPs)
             Began as a Vine Stalker Fighter on May 4, 2023.
             Was a Follower of Uskayaw.
             Mangled by a minotaur
             ... wielding a +2 rapier of draining
              (15 damage)
             ... in a Gauntlet.
             The game lasted 00:22:38 (9703 turns).

Bnni the Covert (Vine Stalker Fighter)              Turns: 9703, Time: 00:22:39

HP:   -13/57 (66)   AC: 11    Str: 25    XL:     12   Next: 36%
MP:   0/20          EV:  8    Int:  8    God:    Uskayaw [*.....]
Gold: 1083          SH:  6    Dex: 19    Spells: 11/11 levels left

rFire   . . .        Q - +1 dagger (venom)
rCold   . . .        c - +0 buckler
rNeg    . . .        B - +0 chain mail
rPois   .            V - +0 mask of the Dragon {Will+ Slay+3 SInv}
rElec   .            I - +2 cloak
rCorr   +            (no gloves)
SInv    +            (no boots)
Will    ++...        J - amulet of magic regeneration
Stlth   ++           f - +6 ring of strength
HPRegen 1.09/turn    F - ring of resist corrosion
MPRegen 0.57/turn

%: no teleportation, guardian spirit
@: mighty, on berserk cooldown, slowed, heavily drained, very slow
A: fangs 3, regeneration 1, magic shield, antimagic bite, no potion heal 2
a: Renounce Religion, Stomp


You were in a Gauntlet.
You worshipped Uskayaw.
Uskayaw was aware of your devotion.
You visited 2 branches of the dungeon, and saw 13 of its levels.
You also visited: Gauntlet.

You collected 1083 gold pieces.

Inventory:

Hand Weapons
 e - a +0 rapier of venom
 Q - a +1 dagger of venom (weapon)
Missiles
 i - 6 javelins (quivered)
 s - 15 boomerangs
 D - 8 poisoned darts
 G - 6 atropa-tipped darts
Armour
 c - a +0 buckler (worn)
 o - a +0 helmet
 B - a +0 chain mail (worn)
 I - a +2 cloak (worn)
 V - the +0 mask of the Dragon (worn) {Will+ Slay+3 SInv}
   (You found it in a Gauntlet)

   Slay:      It affects your accuracy & damage with ranged weapons and melee
   (+3).
   SInv:      It lets you see invisible.
   Will:      It increases your willpower.
Jewellery
 f - a +6 ring of strength (left hand)
 u - a ring of positive energy
 F - a ring of resist corrosion (right hand)
 J - an amulet of magic regeneration (around neck)
 N - a ring of protection from fire
 R - a ring of willpower
 U - a ring of protection from fire
 W - the amulet of Dilef {Spirit rPois Int+2 Stlth-}
   (You found it in a Gauntlet)

   [amulet of guardian spirit]

   It causes incoming damage to be divided between your reserves of health and
   magic.
   Int:       It affects your intelligence (+2).
   rPois:     It protects you from poison.
   Stlth:     It makes you less stealthy.
Wands
 p - a wand of digging (8)
 r - a wand of mindburst (25)
 A - a wand of flame (9)
 M - a wand of paralysis (7)
 P - a wand of iceblast (1)
Scrolls
 a - a scroll of brand weapon {unknown}
 b - 3 scrolls of blinking {unknown}
 h - 2 scrolls of teleportation
 j - 5 scrolls of amnesia
 l - 3 scrolls of immolation
 m - a scroll of silence {unknown}
 w - a scroll of enchant armour {unknown}
 y - a scroll of vulnerability {unknown}
 C - 3 scrolls of noise {unknown}
 H - 3 scrolls of fear {unknown}
 L - 3 scrolls of torment {unknown}
 O - 2 scrolls of enchant weapon {unknown}
 S - a scroll of summoning {unknown}
Potions
 d - 2 potions of degeneration {unknown}
 g - a potion of berserk rage {unknown}
 k - 2 potions of curing
 n - 5 potions of flight
 q - 2 potions of attraction
 t - a potion of magic {unknown}
 v - a potion of heal wounds {unknown}
 x - 4 potions of mutation
 z - a potion of brilliance {unknown}
 E - a potion of lignification {unknown}
 K - 2 potions of ambrosia {unknown}


   Skills:
 + Level 9.1 Fighting
 - Level 10.0 Short Blades
 + Level 5.1 Throwing
 - Level 2.4 Armour
 + Level 10.1 Stealth
 - Level 4.0 Shields
 * Level 9.8 Invocations


You had 11 spell levels left.
You didn't know any spells.
Your spell library contained the following spells:

 Spells                   Type           Power      Damage    Failure   Level
 Foxfire                  Conj/Fire      0%         2x1d4     96%         1
 Magic Dart               Conj           0%         1d3       96%         1
 Call Imp                 Summ           0%         N/A       99%         2
 Cigotuvi's Dreadful Rot  Necr/Pois/Air  0%         N/A       99%         2
 Ignite Poison            Fire/Tmut/Pois 0%         N/A       100%        3
 Mephitic Cloud           Conj/Pois/Air  0%         N/A       100%        3
 Fireball                 Conj/Fire      0%         3d3       100%        5
 Freezing Cloud           Conj/Ice/Air   0%         6-21      100%        5
 Iskenderun's Battlesphe  Conj           0%         2d6       100%        5
 Iron Shot                Conj/Erth      0%         9d1       100%        6
 Plasma Beam              Fire/Air       0%         2x1d11    100%        6
 Starburst                Conj/Fire      0%         6d3       100%        6
 Spellforged Servitor     Conj/Summ      0%         N/A       100%        7


Dungeon Overview and Level Annotations

Branches:
Dungeon (12/15)            Temple (1/1) D:4            Lair (0/5) D:10
    Orc (0/2) D:10        Gauntlet (1/1)

Altars:
Ashenzari
Cheibriados
Dithmenos
Elyvilon
Gozag
Hepliaklqana
Kikubaaqudgha
Nemelex Xobeh
Okawaru
Qazlal
Ru
Sif Muna
Trog
Uskayaw
Vehumet
Wu Jian
Xom
Yredelemnul
The Shining One

Shops:
D:11 (

Annotations:
D:12 exclusion: orange crystal statue Gauntlet 8 transporters, exclusions: ice statue and oklob plant


Innate Abilities, Weirdness & Mutations

You have razor-sharp teeth.
Your natural rate of healing is unusually fast.
When hurt, damage is shared between your health and your magic reserves.
Your bite disrupts and absorbs the magic of your enemies.
Potions cannot restore your health.


Message History

Aim: a minotaur, wielding a +2 rapier of draining, wearing a +0 plate armour and quivering javelins (wandering, hasn't noticed you, 81% to hit)
You throw a poisoned dart. The poisoned dart hits the minotaur.
You feel very mighty all of a sudden.
The minotaur hits you with a +2 rapier of draining!!
You feel drained. The minotaur gores you.
You hit the minotaur.
The minotaur is poisoned.
The minotaur is lightly wounded.
The minotaur hits you with a +2 rapier of draining!
You feel drained. The minotaur gores you!
Okay, then.
You hit the minotaur.
The minotaur looks as sick as possible!
You bite the minotaur! You drain its power.
You feel invigorated.
The minotaur is moderately wounded.
The minotaur completely misses you. The minotaur gores you!
* * * LOW HITPOINT WARNING * * *
Unknown command.
You completely miss the minotaur. You bite the minotaur! You drain its power.
You feel invigorated.
The minotaur is moderately wounded.
You can now pass through a line of other dancers.
Unknown command.
Aiming: Line Pass
Press: ? - help, Dir - move target, p - minotaur The minotaur appears confused.
You can no longer pass through a line of other dancers.
The minotaur hits you with a +2 rapier of draining!
* * * LOW HITPOINT WARNING * * *
You feel drained.
* * * LOW HITPOINT WARNING * * *
The minotaur gores you!
* * * LOW HITPOINT WARNING * * *
The minotaur hits you with a +2 rapier of draining.
* * * LOW HITPOINT WARNING * * *
You feel drained. The minotaur gores you.
* * * LOW HITPOINT WARNING * * *
You hit the minotaur.
The minotaur looks as sick as possible!
You bite the minotaur! You drain its power.
You feel invigorated.
The minotaur is heavily wounded.
The minotaur hits you with a +2 rapier of draining!!
You die...

..............P....∩...P.........
#≈≈≈#≈≈≈#≈≈≈#..♣.......♣..#≈≈≈#≈≈
##≈###≈###≈###...........###≈###≈
### ### ################# ### ##
#.................
#.♣.♣.©.©.©.©.♣.♣.#
#.................
###.##H##.##.##.### #. #@##.##.#
.# #....(....... . #.##.##.##.##
#. .# .. . #.# '# #. # ..


You could see a minotaur (confused, extremely poisoned).

Vanquished Creatures
  A boulder beetle (D:11)
  A two-headed ogre (D:11)
  2 tengu warriors
  Lodul (D:12)
  Pikel (D:8)
  A deep elf pyromancer (D:12)
  A manticore (D:12)
  A moth of wrath (Gauntlet)
  Maurice (D:9)
  A komodo dragon (D:10)
  2 unseen horrors
  3 tengu conjurers
  4 trolls
  Grinder (D:4)
  A hornet (D:11)
  Prince Ribbit (D:5)
  A shadow (D:11)
  A wyvern (D:10)
  A vampire (D:11)
  20 yaks
  4 vampire mosquitoes (D:12)
  3 steam dragons
  2 redbacks (Gauntlet)
  An acid dragon (D:11)
  3 water moccasins (D:8)
  Pargi (D:3)
  3 orc warriors
  A centaur (D:10)
  9 ogres
  A lemure (D:8)
  A kobold brigand (D:6)
  5 bullfrogs
  A gnoll sergeant (D:11)
  A scorpion (D:6)
  6 wights
  9 killer bees (D:9)
  7 howler monkeys
  3 jellies
  4 orc priests
  4 hounds
  Crazy Yiuf (D:3)
  3 iguanas
  Ijyb (D:3)
  A sleepcap (D:8)
  14 orc wizards
  Robin (D:3)
  9 adders
  8 gnolls
  A shadow imp (D:7)
  A worm (D:4)
  32 orcs
  7 ball pythons
  4 bats
  8 endoplasms
  2 giant cockroaches
  12 goblins
  5 hobgoblins
  9 jackals (D:1)
  16 kobolds
  4 quokkas
  5 frilled lizards
  7 rats
266 creatures vanquished.

Vanquished Creatures (others)
  A fungus (Gauntlet)
  7 plants
8 creatures vanquished.

Grand Total: 274 creatures vanquished

Notes
Turn   | Place    | Note
-------+----------+-------------------------------------------
     0 | D:1      | Bnni the Vine Stalker Fighter began the quest for the Orb.
     0 | D:1      | Reached XP level 1. HP: 11/11 MP: 2/2
   183 | D:1      | Found a faded altar of an unknown god.
   234 | D:1      | Reached XP level 2. HP: 15/16 MP: 1/3
   327 | D:1      | Reached XP level 3. HP: 20/20 MP: 4/4
   805 | D:2      | Gained mutation: Your natural rate of healing is unusually
                  | fast. [Vine Stalker growth]
   805 | D:2      | Reached XP level 4. HP: 24/24 MP: 5/5
  1252 | D:2      | Found a sacrificial altar of Ru.
  1400 | D:3      | Noticed Pargi
  1415 | D:3      | Killed Pargi
  1416 | D:3      | Reached XP level 5. HP: 17/28 MP: 1/6
  1487 | D:3      | Found a runed translucent door.
  1488 | D:3      | Noticed Crazy Yiuf
  1585 | D:3      | Noticed Robin
  1614 | D:3      | Killed Robin
  1709 | D:3      | Found an ornate altar of the Wu Jian Council.
  1709 | D:3      | Found a snail-covered altar of Cheibriados.
  1711 | D:3      | Found a shadowy altar of Dithmenos.
  1714 | D:3      | Found a glowing golden altar of the Shining One.
  1715 | D:3      | Found an iron altar of Okawaru.
  1776 | D:3      | Reached XP level 6. HP: 33/33 MP: 7/7
  1969 | D:3      | Noticed Ijyb
  1984 | D:3      | Killed Ijyb
  2513 | D:3      | Killed Crazy Yiuf
  2614 | D:4      | Found a staircase to the Ecumenical Temple.
  2623 | Temple   | Entered the Ecumenical Temple
  2757 | Temple   | Became a worshipper of Uskayaw the Reveller
  2938 | D:4      | Reached * piety under Uskayaw
  3161 | D:4      | Reached ** piety under Uskayaw
  3246 | D:4      | Noticed Grinder
  3255 | D:4      | Killed Grinder
  3256 | D:4      | Reached skill level 5 in Short Blades
  3256 | D:4      | Reached skill level 1 in Invocations
  3256 | D:4      | Reached XP level 7. HP: 37/37 MP: 7/9
  3430 | D:5      | Entered Level 5 of the Dungeon
  3456 | D:5      | Reached *** piety under Uskayaw
  3687 | D:5      | Noticed Prince Ribbit
  3690 | D:5      | Killed Prince Ribbit
  3732 | D:5      | Gained mutation: You have razor-sharp teeth. [Vine Stalker
                  | growth]
  3732 | D:5      | Reached XP level 8. HP: 42/42 MP: 11/11
  4405 | D:6      | Reached skill level 5 in Fighting
  4905 | D:7      | Reached **** piety under Uskayaw
  4906 | D:7      | Reached skill level 1 in Stealth
  4907 | D:7      | Reached XP level 9. HP: 44/47 MP: 13/13
  4915 | D:7      | Reached ***** piety under Uskayaw
  5504 | D:8      | Noticed Pikel
  5536 | D:8      | Reached skill level 5 in Invocations
  5540 | D:8      | Killed Pikel
  6039 | D:8      | Reached XP level 10. HP: 20/53 MP: 10/15
  6220 | D:8      | Reached skill level 5 in Stealth
  6299 | D:8      | Identified the +5 glaive of Xom, Changing {venom, rPois}
  6365 | D:9      | Noticed Maurice
  6383 | D:9      | Killed Maurice
  6554 | D:9      | Found a shimmering blue altar of Sif Muna.
  7279 | D:10     | Entered Level 10 of the Dungeon
  7454 | D:10     | Reached skill level 10 in Short Blades
  7461 | D:10     | Reached skill level 1 in Throwing
  7493 | D:10     | Noticed a tengu warrior
  7548 | D:10     | Reached XP level 11. HP: 52/58 MP: 17/17
  7562 | D:10     | Killed a tengu warrior
  7675 | D:10     | Found a staircase to the Orcish Mines.
  7773 | D:10     | Found a stormy altar of Qazlal.
  7855 | D:10     | Found a staircase to the Lair.
  7960 | D:11     | Noticed a two-headed ogre
  7971 | D:11     | Killed a two-headed ogre
  8227 | D:11     | Noticed a boulder beetle
  8245 | D:11     | Killed a boulder beetle
  8779 | D:11     | Found Aqerox's Weapon Shoppe.
  8883 | D:12     | Found a gate leading to a gauntlet.
  8902 | D:12     | Noticed Lodul
  8910 | D:12     | Killed Lodul
  8916 | D:12     | Reached XP level 12. HP: 45/65 MP: 19/19
  9265 | Gauntlet | Entered a Gauntlet
  9265 | Gauntlet | Found a transporter.
  9275 | Gauntlet | Found a transporter.
  9286 | Gauntlet | Found a transporter.
  9289 | Gauntlet | Found a transporter.
  9294 | Gauntlet | Noticed a dire elephant
  9298 | Gauntlet | Found a transporter.
  9314 | Gauntlet | Found a transporter.
  9325 | Gauntlet | Found a transporter.
  9327 | Gauntlet | Noticed a green death
  9337 | Gauntlet | Found a transporter.
  9351 | Gauntlet | Found a transporter.
  9359 | Gauntlet | Noticed a tengu warrior
  9362 | Gauntlet | Found a transporter.
  9362 | Gauntlet | Found a transporter.
  9405 | Gauntlet | Found a transporter.
  9419 | Gauntlet | Found a transporter.
  9427 | Gauntlet | Found the +0 mask of the Dragon {Will+ Slay+3 SInv}
  9433 | Gauntlet | Found a transporter.
  9587 | Gauntlet | Killed a tengu warrior
  9594 | Gauntlet | Reached skill level 5 in Throwing
  9607 | Gauntlet | Reached skill level 10 in Stealth
  9673 | Gauntlet | Identified the amulet of Dilef {Spirit rPois Int+2 Stlth-}
  9695 | Gauntlet | Noticed a minotaur
  9702 | Gauntlet | HP: 1/57 [minotaur/+2 rapier of draining (4)]
  9703 | Gauntlet | Mangled by a minotaur

Illustrated notes

Levels and vault maps discovered:
D:1:      amcnicky_arrival_flooded_fountain, layout_loops_ring,
          ebering_ecumenical_altar_sacrificial
D:2:      layout_loops_ring, basic_altar, minivault_14
D:3:      layout_loops_corners, grunt_temple_overflow_open,
          supply_closet_lemuel, roderic_lattice_a, lexackson_kobold_supper,
          uniq_pargi, uniq_robin, uniq_ijyb, uniq_crazy_yiuf_cottage
D:4:      layout_basic, minmay_temple_entry_wispy, uniq_grinder
D:5:      layout_loops_corners, uniq_prince_ribbit1
D:6:      layout_rooms
D:7:      layout_rooms
D:8:      layout_basic, uniq_pikel
D:9:      layout_loops_ring, old_standard_altar, uniq_maurice
D:10:     layout_rooms, nicolae_qazlal_general_emergency, david_lair_shrubbed,
          minmay_orc_entry_temple_small, columned_hall_lemuel,
          kennysheep_generic_room_12
D:11:     layout_loops_ring, serial_shops, nicolae_lakefront_shop
D:12:     layout_loops_ring, serial_shops, nicolae_shop_back_alley_shop,
          gauntlet_entry_generic, grunt_ministairs_7, nicolae_two_hexagons,
          hangedman_abyss_or_decor_stagger, minmay_statue_bubble, uniq_lodul
Temple:   regret_index_temple_generic_petals
Gauntlet: minmay_gauntlet_77_tree [minmay_gauntlet_arena_77_radiant_squares,
          minmay_gauntlet_arena_77_chump_sandwich,
          minmay_gauntlet_arena_77_hold_the_fort,
          minmay_gauntlet_arena_77_block_sizes,
          minmay_gauntlet_arena_77_two_lines,
          minmay_gauntlet_arena_77_double_cross,
          minmay_gauntlet_arena_77_museum, gauntlet_exit_green]

Skill      XL: |  1  2  3  4  5  6  7  8  9 10 11 12 |
---------------+-------------------------------------+-----
Short Blades   | 2 3 4 5 7 8 10 | 10.0
Fighting       | 3 4 5 6 7 8 9 |  9.1
Shields        | 3 4 |  4.0
Invocations    | 1 2 4 5 7 8 9 |  9.8
Stealth        | 1 4 7 9 10 | 10.1
Throwing       | 1 4 5 |  5.1
Armour         | |  2.4

Action                     |  1- 3 |  4- 6 |  7- 9 | 10-12 || total
---------------------------+-------+-------+-------+-------++-------
  Melee: Rapier            |    94 |   147 |   132 |       ||   373
         Bite              |    19 |    39 |   101 |   225 ||   384
         Dagger            |       |       |   167 |   590 ||   757
  Throw: Dart              |       |       |       |     6 ||     6
 Invoke: Line Pass         |       |       |       |     4 ||     4
  Evoke: Wand              |       |     1 |     6 |     1 ||     8
    Use: Potion            |       |     1 |       |     1 ||     2
         Scroll            |       |       |     6 |     1 ||     7
   Stab: Paralysed         |       |       |     5 |    21 ||    26
         Confused          |       |       |       |     2 ||     2
         Distracted        |       |       |       |     1 ||     1
 Armour: Scale mail        |    48 |    52 |     5 |       ||   105
         Chain mail        |       |       |    87 |   199 ||   286
  Dodge: Dodged            |    56 |    50 |    79 |   133 ||   318
  Block: Buckler           |    23 |    37 |    44 |    80 ||   184

Table legend: (Time is in decaauts)
 A = Elapsed time spent in this place.
 B = Non-inter-level travel time spent in this place.
 C = Inter-level travel time spent in this place.
 D = Time resting spent in this place.
 E = Time spent auto-exploring this place.
 F = Levels seen in this place.
 G = Mean time per level.
                   A        B        C        D        E       F      G
               +--------+--------+--------+--------+--------+-----+--------+
         Total |   9375 |   8948 |    427 |    314 |   6635 |  14 |  669.6 |
       Dungeon |   8790 |   8401 |    389 |    245 |   6308 |  12 |  732.5 |
        Temple |    160 |    122 |     38 |      0 |    113 |   1 |  160.0 |
      Gauntlet |    424 |    424 |      0 |     69 |    214 |   1 |  424.0 |
               +--------+--------+--------+--------+--------+-----+--------+

Top non-repeatable levels by time:
     D:3: 1195 daAuts
     D:5: 932 daAuts
     D:8: 921 daAuts
    D:11: 851 daAuts
     D:9: 845 daAuts
     D:1: 699 daAuts
     D:4: 697 daAuts
     D:2: 691 daAuts
    D:10: 624 daAuts
     D:6: 522 daAuts
     D:7: 474 daAuts
Gauntlet: 424 daAuts
    D:12: 336 daAuts
  Temple: 160 daAuts
